 Dungeon Crawl Stone Soup version 0.21-a0-203-gb066a6e (webtiles) character file.

77 tin111 the Skirmisher (level 4, -2/36 HPs)
             Began as a Demonspawn Chaos Knight on Aug 19, 2017.
             Killed from afar by Natasha (9 damage)
             ... with a magic dart
             ... on level 2 of the Dungeon.
             The game lasted 00:04:48 (1599 turns).

tin111 the Skirmisher (Demonspawn Chaos Knight)     Turns: 1599, Time: 00:04:50

Health: -2/36      AC:  5    Str: 13    XL:     4   Next: 13%
Magic:  4/4        EV: 11    Int: 14    God:    Xom [..*...]
Gold:   38         SH:  0    Dex: 12    Spells: 3/3 levels left

rFire    . . .     SeeInvis .   a - +0 hand axe (chaos)
rCold    . . .     Gourm    .   (no shield)
rNeg     . . .     Faith    .   b - +2 leather armour
rPois    .         Spirit   .   (no helmet)
rElec    .         Reflect  .   (no cloak)
rCorr    .         Harm     .   (no gloves)
MR       .....                  (no boots)
Stlth    +.........             (no amulet)
HPRegen  0.12/turn              (no ring)
MPRegen  0.09/turn              (no ring)

@: slowed, very slow
A: hooves 2
a: Renounce Religion


You were on level 2 of the Dungeon.
You worshipped Xom.
You were a toy of Xom.
You were not hungry.

You visited 1 branch of the dungeon, and saw 2 of its levels.

You collected 38 gold pieces.

Inventory:

Hand Weapons
 a - a +0 hand axe of chaos (weapon)
Missiles
 p - 2 tomahawks (quivered)
Armour
 b - a +2 leather armour (worn)
Scrolls
 e - a scroll of noise {unknown}
 g - a scroll of teleportation {unknown}
 h - 3 scrolls of identify {unknown}
 j - a scroll of enchant armour {unknown}
 m - a scroll of remove curse {unknown}
Potions
 d - 3 potions of flight {unknown}
 i - a potion of degeneration {unknown}
 k - a potion of brilliance {unknown}
 l - a potion of curing {unknown}
Books
 n - a book of Burglary

   Spells                             Type                      Level
   a - Swiftness                      Charms/Air                   2
   b - Passwall                       Transmutation/Earth          2
   c - Passage of Golubria            Translocation                4
   d - Lee's Rapid Deconstruction     Earth                        5
   e - Darkness                       Hexes                        6
   f - Invisibility                   Hexes                        6
Comestibles
 c - 3 bread rations
 f - 2 meat rations
 o - a royal jelly


   Skills:
 + Level 3.6 Fighting
 + Level 3.2 Axes
 + Level 2.5 Armour
 + Level 1.6 Dodging


You had 3 spell levels left.
You didn't know any spells.

Dungeon Overview and Level Annotations

Branches:
Dungeon (2/15)

Altars:
Vehumet

Annotations:
D:2 Natasha


Innate Abilities, Weirdness & Mutations

You have hoof-like feet.


Message History

Natasha barely misses you.
Natasha howls an incantation.
Natasha's front paws start to glow.
Natasha claws you.
* * * LOW HITPOINT WARNING * * *
You closely miss Natasha. Your kick misses Natasha.
Natasha is almost dead.
You miss the crimson imp. The crimson imp hits you.
* * * LOW HITPOINT WARNING * * *
Natasha casts a spell at you.
You feel as though you will be slow longer.
You closely miss Natasha.
Natasha is almost dead.
You barely miss the crimson imp.
Xom's attention almost turns to you for a moment.
Your royal jelly briefly vibrates.
The crimson imp barely misses you. Natasha casts a spell at you.
The magic dart hits you!
You die...
Xom giggles madly!

.#.# . .#.#
#####.#.### .
.#.#######.. ...... #.
..†........# #.... #.
##.######..# #...#
...# #..# #...# ##.#
#..# #...# #.#
#..###...# ##.##
#.....†h@#
#...#####..###.5##
.#....)....# #.......#
#.#.#####............#
##.## ##.####.###.##
### #... ... #
######.<. ####


You could see Natasha and a crimson imp.

Vanquished Creatures
  2 adders (D:2)
  2 worms (D:2)
  2 dart slugs
  3 leopard geckos
  9 bats
  5 giant cockroaches
  3 goblins (D:1)
  8 hobgoblins
  3 frilled lizards
  4 kobolds
  2 rats
43 creatures vanquished.

Notes
Turn   | Place    | Note
-------+----------+-------------------------------------------
     0 | D:1      | tin111 the Demonspawn Chaos Knight began the quest for the Orb.
     0 | D:1      | Reached XP level 1. HP: 18/18 MP: 1/1
   164 | D:1      | Reached skill level 1 in Dodging
   216 | D:1      | Gained mutation: You have large cloven feet. [demonic ancestry]
   216 | D:1      | Reached XP level 2. HP: 18/24 MP: 2/2
   405 | D:1      | XOM: divination: detect creatures
   772 | D:1      | XOM: silly message
   773 | D:1      | XOM: noise
   888 | D:1      | XOM: harmless Ice miscast
   978 | D:1      | XOM: cloud trail
   989 | D:1      | XOM: silly message
  1054 | D:1      | XOM: silly message
  1122 | D:2      | Reached XP level 3. HP: 29/29 MP: 3/3
  1391 | D:2      | Found a radiant altar of Vehumet.
  1465 | D:2      | XOM: harmless Air miscast
  1481 | D:2      | XOM: divination: detect items
  1539 | D:2      | Gained mutation: You have hoof-like feet. [demonic ancestry]
  1539 | D:2      | Reached XP level 4. HP: 32/35 MP: 4/4
  1584 | D:2      | Noticed Natasha
  1599 | D:2      | XOM: silly message
  1599 | D:2      | Killed from afar by Natasha

Vault maps used:
D:1:      scummos_arrival_simple_crosswalls
D:2:      lemuel_coloured_pillars_altar, minmay_misc_feat_tower, uniq_natasha

Skill      XL: |  1  2 |
---------------+-------+-----
Dodging        | 1 |  1.6
Armour         | 2 |  2.5
Axes           | 3 |  3.2
Fighting       | |  3.6

Action                   |  1- 3 |  4- 6 || total
-------------------------+-------+-------++-------
Melee: Hand axe          |   111 |    18 ||   129
       Kick              |    14 |     1 ||    15
 Stab: Paralysed         |     1 |     1 ||     2
  Eat: Chunk             |     2 |       ||     2
Armor: Leather armour    |    62 |     5 ||    67
Dodge: Dodged            |    78 |    14 ||    92
